 Dungeon Crawl Stone Soup version 0.29.1-1-gd02db6906a (webtiles) character file.

Game seed: 13330539154864833801

2522 virigoth the Basher (level 9, -8/118 HPs)
             Began as a Minotaur Fighter on Sept 20, 2022.
             Was an Initiate of Qazlal.
             Killed by vampiric draining
             ... invoked by a vampire
              (12 damage)
             ... on level 9 of the Dungeon.
             The game lasted 00:22:09 (5483 turns).

virigoth the Basher (Minotaur Fighter)              Turns: 5483, Time: 00:22:10

Health: -8/118     AC: 28    Str: 25    XL:     9   Next: 29%
Magic:  8/8        EV:  2    Int:  5    God:    Qazlal [......]
Gold:   433        SH:  5    Dex: 10    Spells: 8/8 levels left

rFire   + + .      SeeInvis .   a - +3 whip (drain)
rCold   . . .      Faith    .   c - +0 buckler
rNeg    . . .      Spirit   .   (body armour currently unavailable)
rPois   +          Reflect  .   (helmet currently unavailable)
rElec   +          Harm     .   (cloak currently unavailable)
rCorr   +          Rampage  .   (gloves currently unavailable)
Will    .....      NoTele   +   (boots currently unavailable)
Stlth   ++........              (no amulet)
HPRegen 0.29/turn               E - ring of fire
MPRegen 0.11/turn               F - +4 ring of protection

@: tree-form, resistant
A: stationary, stasis, torment immunity, boosted hp, (horns 2), (retaliatory
headbutt)
a: Renounce Religion


You were on level 9 of the Dungeon.
You worshipped Qazlal.
Qazlal was noncommittal.
You were a tree.
You visited 2 branches of the dungeon, and saw 10 of its levels.

You collected 433 gold pieces.

Inventory:

Hand Weapons
 a - a +3 whip of draining (weapon)
 j - a +2 dagger of holy wrath
 n - a +2 dagger of protection
 s - a +0 flail
 C - a +1 spear of venom
Missiles
 z - 3 silver javelins (quivered)
Armour
 c - a +0 buckler (worn)
 p - the +2 cloak of Light (melded) {Int+2 Stlth+}
   (You found it on level 2 of the Dungeon)

   Int:       It affects your intelligence (+2).
   Stlth:     It makes you more stealthy.
 v - a +1 ring mail of willpower (melded)
 y - a +0 plate armour
Magical Staves
 f - a staff of fire
 q - a staff of cold
 H - a staff of fire
Jewellery
 E - a ring of fire (left branch)
 F - a +4 ring of protection (right branch)
Wands
 b - a wand of roots (9)
Scrolls
 h - a scroll of enchant armour {unknown}
 i - 7 scrolls of identify
 k - 2 scrolls of fear
 l - 3 scrolls of poison
 m - a scroll of blinking {unknown}
 o - a scroll of acquirement {unknown}
 t - a scroll of amnesia {unknown}
 u - a scroll of vulnerability {unknown}
 w - a scroll of immolation {unknown}
 B - 3 scrolls of magic mapping {unknown}
 D - a scroll of enchant weapon {unknown}
 G - a scroll of summoning {unknown}
 J - a scroll of teleportation {unknown}
Potions
 d - a potion of might
 e - 3 potions of attraction
 r - 2 potions of cancellation
 A - 2 potions of lignification
 I - a potion of heal wounds {unknown}


   Skills:
 + Level 7.2 Fighting
 * Level 9.5 Maces & Flails
 + Level 3.0 Throwing
 - Level 5.8 Armour
 - Level 5.2 Dodging
 - Level 3.1 Stealth
 - Level 5.0 Shields


You had 8 spell levels left.
You didn't know any spells.
Your spell library contained the following spells:

 Spells                   Type           Power      Damage    Failure   Level
 Foxfire                  Conj/Fire      0%         2x1d4     56%         1
 Slow                     Hex            0%         N/A       56%         1
 Confusing Touch          Hex            0%         N/A       90%         3
 Conjure Flame            Conj/Fire      0%         6-21      90%         3
 Inner Flame              Hex/Fire       0%         N/A       90%         3
 Vampiric Draining        Necr           0%         2d6       90%         3
 Animate Armour           Summ/Erth      0%         N/A       100%        4
 Cause Fear               Hex            0%         N/A       100%        4
 Flame Wave               Conj/Fire      0%         2d4       100%        4
 Petrify                  Tmut/Erth      0%         N/A       100%        4
 Blade Hands              Tmut           0%         N/A       100%        5
 Metabolic Englaciation   Hex/Ice        0%         N/A       100%        5
 Iron Shot                Conj/Erth      0%         9d1       100%        6
 Statue Form              Tmut/Erth      0%         N/A       100%        6
 Discord                  Hex            0%         N/A       100%        8


Dungeon Overview and Level Annotations

Branches:
Dungeon (9/15)             Temple (1/1) D:7
   Lair: D:8-11         Orc: D:9-12

Altars:
Cheibriados
Dithmenos
Elyvilon
Fedhas
Hepliaklqana
Kikubaaqudgha
Nemelex Xobeh
Okawaru
Qazlal
Ru
Sif Muna
Trog
Uskayaw
Vehumet
Wu Jian
Xom
Yredelemnul
Zin
The Shining One

Annotations:
D:5 Grinder, Menkaure


Innate Abilities, Weirdness & Mutations

You are a tree.
Your roots penetrate the ground, keeping you stationary.
You cannot be teleported.
You are immune to unholy pain and torment.
Your maximum health is greatly increased.
Your equipment is partially melded.
((You have a pair of horns on your head.))
((You reflexively headbutt those who attack you in melee.))


Message History

You cannot move.
You cannot move.
You cannot move.
You cannot move.
You cannot move.
You cannot move.
You cannot move.
You cannot move.
You cannot move.
Something hits you.
* * * LOW HITPOINT WARNING * * *
Something bites you but does no damage. Something hits you!
* * * LOW HITPOINT WARNING * * *
Something bites you but does no damage.
You cannot move.
You barely miss something. Something hits you.
* * * LOW HITPOINT WARNING * * *
Something completely misses you.
You feel better. Something hits you!
* * * LOW HITPOINT WARNING * * *
Something bites you but does no damage.
You miss something. You hit something. Something hits you but does no damage.
Something bites you but does no damage.
You hit something. Something hits you but does no damage.
Something bites you but does no damage.
You barely miss something. You hit something but do no damage.
Something hits you but does no damage. Something bites you.
* * * LOW HITPOINT WARNING * * *
Something draws strength from your injuries!
You whack something! Something draws life force from you!
* * * LOW HITPOINT WARNING * * *
Really quaff the potion of attraction?
Okay, then.
It was a potion of resistance.
You feel protected. Something draws life force from you!
You die...

###+######
#......<.#
#...)..♣.#
#.......{#
#........#
#........#
#.)......#
+........#
#........#
###+######


There were no monsters in sight!

Vanquished Creatures
  Joseph (D:7)
  Prince Ribbit (D:7)
  Sigmund (D:2)
  A steam dragon (D:8)
  3 water moccasins (D:7)
  An ice beast (D:6)
  An ogre (D:6)
  A phantom (D:4)
  3 bullfrogs
  A necrophage (D:5)
  2 scorpions (D:4)
  2 howler monkeys
  3 hounds
  4 jellies
  4 orc priests
  Ijyb (D:4)
  6 orc wizards
  Natasha (D:2)
  9 adders
  3 gnolls (D:4)
  A worm (D:4)
  A dart slug (D:3)
  19 orcs
  5 ball pythons
  9 endoplasms
  7 giant cockroaches
  9 goblins
  5 hobgoblins
  6 jackals
  A quokka (D:2)
  2 bats
  A frilled lizard (D:3)
  6 kobolds
  4 rats
125 creatures vanquished.

Vanquished Creatures (others)
  An orc wizard (D:4)
1 creature vanquished.

Grand Total: 126 creatures vanquished

Notes
Turn   | Place    | Note
-------+----------+-------------------------------------------
     0 | D:1      | virigoth the Minotaur Fighter began the quest for the Orb.
     0 | D:1      | Reached XP level 1. HP: 19/19 MP: 0/0
    20 | D:1      | Reached skill level 3 in Maces & Flails
   247 | D:1      | Reached XP level 2. HP: 26/26 MP: 1/1
   424 | D:1      | Found a faded altar of an unknown god.
   733 | D:1      | Reached skill level 4 in Maces & Flails
   915 | D:2      | Reached XP level 3. HP: 28/31 MP: 2/2
  1074 | D:2      | Noticed Sigmund
  1093 | D:2      | Killed Sigmund
  1094 | D:2      | Reached skill level 7 in Maces & Flails
  1094 | D:2      | Reached XP level 4. HP: 5/39 MP: 3/3
  1094 | D:2      | Reached XP level 5. HP: 6/45 MP: 4/4
  1368 | D:2      | Noticed Natasha
  1371 | D:2      | Killed Natasha
  1415 | D:2      | Identified the +2 cloak of Light {Int+2 Stlth+}
  1673 | D:3      | Reached XP level 6. HP: 48/51 MP: 5/5
  1985 | D:3      | Found an ancient bone altar of Kikubaaqudgha.
  2174 | D:4      | Reached skill level 1 in Stealth
  2422 | D:5      | Entered Level 5 of the Dungeon
  2422 | D:5      | Noticed Grinder
  2462 | D:4      | Reached skill level 1 in Dodging
  2519 | D:5      | Reached XP level 7. HP: 57/57 MP: 6/6
  2555 | D:4      | Found a shadowy altar of Dithmenos.
  2555 | D:4      | Found a hazy altar of Hepliaklqana.
  2808 | D:4      | Reached skill level 5 in Armour
  2808 | D:4      | Reached skill level 5 in Shields
  2809 | D:4      | Noticed Ijyb
  2820 | D:4      | Killed Ijyb
  2970 | D:4      | Found a sparkling altar of Nemelex Xobeh.
  3030 | D:4      | Noticed a shadow
  3106 | D:5      | Noticed Menkaure
  3124 | D:5      | You fall into a shaft and drop 3 floors!
  3140 | D:8      | Noticed a steam dragon
  3175 | D:8      | Killed a steam dragon
  3357 | D:8      | Found an iron altar of Okawaru.
  3377 | D:7      | Reached XP level 8. HP: 58/67 MP: 7/7
  3382 | D:7      | Noticed Joseph
  3521 | D:6      | Reached skill level 5 in Fighting
  3814 | D:6      | Reached skill level 5 in Dodging
  4333 | D:7      | Reached skill level 8 in Maces & Flails
  4333 | D:7      | Reached skill level 1 in Throwing
  4366 | D:7      | Found a staircase to the Ecumenical Temple.
  4424 | Temple   | Entered the Ecumenical Temple
  4592 | Temple   | Became a worshipper of Qazlal Stormbringer
  4614 | D:7      | Found a blossoming altar of Fedhas.
  4712 | D:7      | Noticed Prince Ribbit
  4723 | D:7      | Killed Prince Ribbit
  4724 | D:7      | Reached XP level 9. HP: 58/78 MP: 8/8
  4915 | D:7      | Killed Joseph
  4916 | D:7      | Reached skill level 9 in Maces & Flails
  5482 | D:9      | HP: 3/118 [something (8)]
  5483 | D:9      | Killed from afar by a vampire

Illustrated notes

Levels and vault maps discovered:
D:1:      dpeg_arrival_rooms_with_view, layout_basic,
          shapermc_ecumenical_altar_acropolis, minmay_heptomino_d4
D:2:      layout_basic, serial_shops, shop, uniq_natasha, uniq_sigmund
D:3:      layout_loops_ring, pf_just_have_faith,
          wander_ebering_terrifying_dragon_lair
D:4:      layout_rooms, riverfiend_overflow_shadow_ancestor,
          nemelex_dance_club_becter, uniq_ijyb
D:5:      old_forge, layout_cave_pods, uniq_crazy_yiuf_cottage, uniq_pikel,
          uniq_menkaure, uniq_eustachio, uniq_grinder
D:6:      layout_cave_pools, nrook_mini_backslash
D:7:      layout_basic, fedhas_altar_4, temple_statues, uniq_joseph,
          uniq_prince_ribbit1
D:8:      layout_rooms, mainiacjoe_overflow_alcove_2, grunt_gozag_statues,
          mainiacjoe_overflow_cross_hatched, erik_lair_island,
          gammafunk_ghost_icy
D:9:      layout_roguey, mainiacjoe_overflow_24_doors, enter_bailey_2,
          serial_aquarium, aquarium_bridge_straight [aquarium_subvault_bridge,
          aquarium_subvault_wall, aquarium_subvault_bridge,
          aquarium_subvault_window], aquarium_window_1, aquarium_window_fake,
          aquarium_window_corner, aquarium_view_2e, aquarium_balcony_5a,
          aquarium_pool_2
Temple:   hellmonk_temple_forest_ring

Skill      XL: |  1  2  3  4  5  6  7  8  9 |
---------------+----------------------------+-----
Maces & Flails | 3 4 7 8 9 |  9.5
Stealth        | 1 3 |  3.1
Dodging        | 1 4 5 |  5.2
Armour         | 4 5 |  5.8
Shields        | 4 5 |  5.0
Fighting       | 4 6 7 |  7.2
Throwing       | 2 3 |  3.0

Action                   |  1- 3 |  4- 6 |  7- 9 || total
-------------------------+-------+-------+-------++-------
Melee: Flail             |    69 |    20 |       ||    89
       Headbutt          |    10 |    21 |    28 ||    59
       Dagger            |       |    34 |       ||    34
       Whip              |       |    71 |   197 ||   268
Throw: Javelin           |       |       |     3 ||     3
  Use: Scroll            |       |       |     4 ||     4
       Potion            |       |       |     4 ||     4
 Stab: Distracted        |       |       |     1 ||     1
       Sleeping          |       |       |     4 ||     4
Armor: Scale mail        |    24 |    57 |       ||    81
       Ring mail         |       |     4 |    51 ||    55
       Skin              |       |       |    15 ||    15
Dodge: Dodged            |    28 |    57 |    49 ||   134
Block: Buckler           |    13 |    22 |    26 ||    61
